 Dungeon Crawl Stone Soup version 0.31.0-11-ge490571c62 (webtiles) character file.

Game seed: 4200712835750821388

39 qw the Shooter (level 3, -7/18 HPs)
             Began as a Deep Elf Hunter on Feb 5, 2024.
             Mangled by a gnoll
             ... wielding a +0 halberd
              (11 damage)
             ... on level 2 of the Dungeon.
             The game lasted 00:00:03 (771 turns).

qw the Shooter (Deep Elf Hunter)                     Turns: 771, Time: 00:00:03

Health: -7/18      AC:  5    Str: 10    XL:     3   Next: 28%
Magic:  5/5        EV: 11    Int: 13    God:
Gold:   55         SH:  0    Dex: 18    Spells: 2/2 levels left

rFire   . . .        a - +0 shortbow
rCold   x . .        (shield currently unavailable)
rNeg    . . .        k - +0 ring mail
rPois   .            (helmet restricted)
rElec   .            (no cloak)
rCorr   .            (no gloves)
SInv    +            (no boots)
Will    .....        (no amulet)
Stlth   +            h - ring of see invisible
HPRegen 0.23/turn    (no ring)
MPRegen 0.09/turn

%: no passive effects
@: no status effects
A: horns 1, frail 1, cold vulnerability 1
a: no special abilities


You were on level 2 of the Dungeon.
You visited 1 branch of the dungeon, and saw 2 of its levels.

You collected 55 gold pieces.


Innate Abilities, Weirdness & Mutations

You have a pair of small horns on your head.
You are frail. (-10% HP)
You are vulnerable to cold. (rC-)


   Skills:
 - Level 1.5 Fighting
 + Level 6.9 Ranged Weapons
 - Level 2.4 Dodging
 - Level 1.2 Stealth


You had 2 spell levels left.
You didn't know any spells.
Your spell library was empty.

Inventory:

Hand Weapons
 a - a +0 shortbow (weapon)
Armour
 k - a +0 ring mail (worn)
Jewellery
 h - a ring of see invisible (left hand)
Scrolls
 b - a scroll of blinking {unknown}
 f - a scroll of noise {unknown}
Potions
 c - a potion of curing {unknown}
 d - a potion of ambrosia {unknown}
 e - a potion of lignification {unknown}
 g - a potion of attraction {unknown}
 i - a potion of cancellation {unknown}
 j - a potion of might {unknown}

Dungeon Overview and Level Annotations

Branches:
Dungeon (2/15)

Altars:


Message History

e - a fizzy inky potion
f - a scroll labelled OCELUDUMUMMA You now have 55 gold pieces (gained 13).
g - a bubbling white potion An adder and a gnoll come into view.
The gnoll shouts!
You shoot an arrow. The arrow hits the gnoll.
The gnoll is lightly wounded.
You shoot an arrow. The arrow hits the gnoll.
The gnoll is heavily wounded.
You shoot an arrow. The arrow hits the gnoll.
The gnoll is heavily wounded.
A gnoll comes into view. It is wielding a +0 whip.
Enter note: You shoot an arrow.
The gnoll shouts!
The arrow hits the gnoll.
The gnoll is severely wounded.
The gnoll hits you from afar with a +0 halberd!
Ouch! That really hurt!
An adder comes into view.
A ball python comes into view.
Enter note:
767 ||| RETREEEEATING.
The adder hisses angrily.
The gnoll barely misses you.
Enter note:
768 ||| RETREEEEATING.
Found a club.
The gnoll closely misses you.
Enter note:
769 ||| RETREEEEATING.
A gnoll comes into view. It is wielding a +0 whip.
Enter note:
Enter note:
770 ||| RETREEEEATING.
The gnoll hits you with a +0 halberd.
Enter note:
771 ||| RETREEEEATING.
The gnoll hits you from afar with a +0 halberd!
Ouch! That really hurt!
You die...

.....# .# ##. ....#
.##.. # # ##...##....#
.... #.....#..###
..>#?#.....g....##
#....#........#..#
#.......gSg......#
#............##.).
##......S@....###
................##.#...
....#................#
..>?..........###......
..###........# ##... .
#........# #
#.....#..############ .
#.....##.......#.....
#.....#..###............


You could see 3 gnolls and 2 adders.

Vanquished Creatures
  An adder (D:2)
  4 ball pythons (D:1)
  3 endoplasms
  4 giant cockroaches (D:1)
  2 goblins (D:1)
  3 hobgoblins (D:1)
  A quokka (D:2)
  4 bats (D:1)
  A frilled lizard (D:1)
  3 kobolds (D:1)
  A rat (D:1)
27 creatures vanquished.

Notes
Turn   | Place    | Note
-------+----------+-------------------------------------------
     0 | D:1      | qw the Deep Elf Hunter began the quest for the Orb.
     0 | D:1      | Reached XP level 1. HP: 12/12 MP: 3/3
     0 | D:1      | 0 ||| qw: Version: 0.3-a-160-g6735b56
     0 | D:1      | 0 ||| qw: Game counter: 6213
     0 | D:1      | 0 ||| qw: Melee chars always use a shield: true
     0 | D:1      | 0 ||| qw: God list: Okawaru
     0 | D:1      | 0 ||| qw: Allow faded altars: false
     0 | D:1      | 0 ||| qw: Do Orc after clearing Dungeon:15 true
     0 | D:1      | 0 ||| qw: Do second Lair branch before Depths: true
     0 | D:1      | 0 ||| qw: Lair rune preference: random
     0 | D:1      | 0 ||| qw: Goals: Normal
     0 | D:1      | 0 ||| PLANNING D:1-11
    70 | D:1      | Reached XP level 2. HP: 16/16 MP: 4/4
    86 | D:1      | Reached skill level 6 in Ranged Weapons
   675 | D:1      | 675 ||| UPGRADING to +0 ring mail.
   685 | D:1      | 685 ||| DROPPING +0 leather armour.
   686 | D:1      | 686 ||| UPGRADING to ring of see invisible.
   687 | D:1      | 687 ||| READING scroll labelled RUF IFUCEREWK.
   688 | D:1      | 688 ||| READING scroll labelled AGIORE XEEH.
   691 | D:1      | 691 ||| DRINKING 2 orange potions.
   691 | D:1      | Gained mutation: You are occasionally teleported next to
                  | monsters. [potion of mutation]
   691 | D:1      | Gained mutation: You are frail. (-10% HP) [potion of
                  | mutation]
   691 | D:1      | Gained mutation: You are resistant to electric shocks.
                  | (rElec) [potion of mutation]
   692 | D:1      | 692 ||| DRINKING potion of mutation.
   692 | D:1      | Lost mutation: You are occasionally teleported next to
                  | monsters. [potion of mutation]
   692 | D:1      | Lost mutation: You are resistant to electric shocks.
                  | (rElec) [potion of mutation]
   692 | D:1      | Gained mutation: You are vulnerable to cold. (rC-) [potion
                  | of mutation]
   692 | D:1      | Gained mutation: You have a pair of small horns on your
                  | head. [potion of mutation]
   693 | D:1      | 693 ||| DROPPING scroll of butterflies.
   700 | D:2      | Reached XP level 3. HP: 18/18 MP: 5/5
   767 | D:2      | 767 ||| RETREEEEATING.
   768 | D:2      | 768 ||| RETREEEEATING.
   769 | D:2      | 769 ||| RETREEEEATING.
   770 | D:2      | 770 ||| RETREEEEATING.
   770 | D:2      | HP: 4/18 [gnoll/+0 halberd (6)]
   771 | D:2      | 771 ||| RETREEEEATING.
   771 | D:2      | Mangled by a gnoll

Levels and vault maps discovered:
D:1:      lemuel_arrival_rhombus, layout_basic
D:2:      layout_rooms, minmay_misc_feat_pillars

Skill      XL: |  1  2 |
---------------+-------+-----
Ranged Weapons | 6 |  6.9
Fighting       | |  1.5
Dodging        | |  2.4
Stealth        | |  1.2

Action                     || total
---------------------------++-------
   Fire: Shortbow          ||    70
    Use: Scroll            ||     2
         Potion            ||     2
 Armour: Leather armour    ||    12
         Ring mail         ||     7
  Dodge: Dodged            ||    14

Table legend:
 A = Non-vault XP
 B = Vault XP
 C = Vault XP percentage of total XP
 D = Non-vault monster count
 E = Vault monster count
 F = Vault count percentage of total count
                 A         B        C        D         E       F
            +---------+---------+-------+---------+---------+-------
      Total |      57 |       0 |   0.0 |      27 |       0 |   0.0
            +---------+---------+-------+---------+---------+-------
        D:1 |      40 |       0 |   0.0 |      24 |       0 |   0.0
        D:2 |      17 |       0 |   0.0 |       3 |       0 |   0.0
            +---------+---------+-------+---------+---------+-------
